AoeStats
← Ardino18

Nomad

504564543Analyzed
3v3 RM · 27d ago on Sep 5, 2026· 47m 11s· 6 players
Game mode
Random Map
Map size
210×210
Population
200
Speed
Normal
Resources
Standard
Victory
Conquest
Starting age
Dark Age
Ending age
Imperial Age
RankedLock teamsTeams togetherTeam positionsShared explorationLock speedFull tech treeHidden civsTurbo modeCheats
Victory
Defeat
🇺🇸 Persians · United States
1022
+14
🇺🇸 Vikings · United States
1008
+15
🇺🇸 Tatars · United States
1001
+15
🇹🇷 Slavs · Türkiye
1068
-18
🇹🇷 Britons · Türkiye
1022
-16
🇹🇷 Turks · Türkiye
862
-10
e4gl3
4:57 Loom
18:11 Feudal Age
18:51 Double-Bit Axe
19:06 Town Watch
28:36 Padded Archer Armor
28:27 Fletching
29:49 Scale Mail Armor
29:59 Forging
33:36 Gold Mining
Pooh1818
5:19 Loom
14:19 Feudal Age
15:23 Double-Bit Axe
15:41 Fishing Lines
18:20 Castle Age
19:23 Bow Saw
20:44 Gillnets
21:27 Scale Barding Armor
21:34 Forging
21:34 Horse Collar
24:03 Gold Mining
25:09 Chain Barding Armor
28:06 Heavy Plow
29:21 Husbandry
34:27 Imperial Age
33:43 Bloodlines
35:02 Iron Casting
34:31 Elite Boyar
36:29 Two-Man Saw
36:08 Plate Barding Armor
36:24 Conscription
38:27 Gold Shaft Mining
37:43 Stone Mining
39:11 Crop Rotation
39:46 Two-Man Saw
41:14 Wheelbarrow
Ardino18
20:08 Feudal Age
22:04 Double-Bit Axe
22:01 Horse Collar
35:16 Gold Mining
35:16 Stone Mining
34:55 Man-at-Arms
35:22 Arson
40:02 Castle Age
42:27 Heavy Plow
42:38 Bow Saw
pontif
6:51 Loom
13:20 Feudal Age
14:37 Double-Bit Axe
19:03 Castle Age
17:10 Fishing Lines
20:11 Bow Saw
20:55 Gillnets
22:30 Stone Mining
23:14 Gold Mining
24:54 Horse Collar
25:47 Treadmill Crane
26:00 Fletching
29:19 Imperial Age
27:39 Bodkin Arrow
27:45 Scale Mail Armor
28:44 Masonry
29:36 Ballistics
30:39 Forging
31:15 Chain Mail Armor
32:14 Architecture
34:01 Plate Mail Armor
33:04 Elite Berserk
34:06 Heavy Plow
35:23 Iron Casting
37:24 Conscription
37:09 Chieftains
39:08 Murder Holes
40:14 Chemistry
41:14 Gold Shaft Mining
41:56 Blast Furnace
41:14 Bogsveigar
41:21 Bracer
41:05 Pikeman
41:49 Squires
41:35 Arson
43:02 Padded Archer Armor
44:46 Scale Barding Armor
44:25 Spies/Treason
Stevie Nicks
6:00 Loom
12:58 Feudal Age
13:25 Double-Bit Axe
18:17 Castle Age
16:33 Horse Collar
17:30 Forging
18:38 Scale Barding Armor
18:49 Bloodlines
19:51 Wheelbarrow
21:24 Town Watch
22:13 Husbandry
24:35 Medium Warships
30:57 Hand Cart
33:22 Fletching
34:45 Chain Barding Armor
38:03 Imperial Age
37:53 Heavy Camel Rider
40:10 Iron Casting
43:07 Cavalier
44:52 Gold Mining
44:53 Stone Mining
47:00 Spies/Treason
stretchy pants
3:28 Loom
14:16 Feudal Age
14:46 Double-Bit Axe
14:54 Gold Mining
14:46 Horse Collar
14:53 Fishing Lines
17:19 Wheelbarrow
16:30 Town Watch
21:44 Stone Mining
24:33 Castle Age
22:25 Fletching
24:20 Padded Archer Armor
25:26 Bodkin Arrow
27:06 Gold Shaft Mining
26:51 Bow Saw
28:58 Hand Cart
31:21 Ballistics
32:16 Treadmill Crane
35:17 Murder Holes
38:30 Imperial Age
38:51 Pikeman
40:51 Scale Mail Armor
41:53 Squires
41:48 Capped Ram
43:07 Siege Ram
45:44 Conscription
47:49 Chemistry
46:52 Bracer
47:08 Leather Archer Armor
Connection lost

Rejoining the realm…

Still unreachable

The connection could not be restored.

Session expired

The server has moved on; the page needs a fresh start.